 Dungeon Crawl Stone Soup version 0.23.1-37-gaa34b87 (webtiles) character file.

Game seed: 18000737336192687563

419 night the Magician (level 6, -10/41 HPs)
             Began as a Demonspawn Wizard on Mar 26, 2019.
             Was a Follower of Dithmenos.
             Killed by divine providence
             ... invoked by an orc priest
              (14 damage)
             ... on level 4 of the Dungeon.
             The game lasted 00:10:21 (4515 turns).

night the Magician (Demonspawn Wizard)              Turns: 4515, Time: 00:10:22

Health: -10/41     AC:  5    Str:  7    XL:     6   Next: 62%
Magic:  0/13       EV: 12    Int: 21    God:    Dithmenos [*.....]
Gold:   124        SH:  0    Dex: 12    Spells: 10/14 levels left

rFire    . . .     SeeInvis .   e - +0 dagger
rCold    . . .     Gourm    .   (no shield)
rNeg     . . .     Faith    .   r - +0 robe (curse)
rPois    .         Spirit   +   b - +0 hat
rElec    .         Reflect  .   s - +0 cloak
rCorr    .         Harm     .   (no gloves)
MR       .....                  (no boots)
Stlth    ++........             (no amulet)
HPRegen  0.13/turn              (no ring)
MPRegen  0.13/turn              (no ring)

@: wreathed by umbra
A: slimy green scales 1, magic shield
a: Renounce Religion


You were on level 4 of the Dungeon.
You worshipped Dithmenos.
Dithmenos was aware of your devotion.
You were not hungry.

You visited 1 branch of the dungeon, and saw 4 of its levels.

You collected 124 gold pieces.

Inventory:

Hand Weapons
 e - a +0 dagger (weapon)
 A - a +0 falchion
Missiles
 j - 36 arrows
 n - 111 stones (quivered)
 t - 4 silver tomahawks
 y - 41 sling bullets
Armour
 a - a +0 robe
 b - a +0 hat (worn)
 h - a +0 leather armour
 r - a cursed +0 robe (worn)
 s - a +0 cloak (worn)
Jewellery
 k - an uncursed amulet of faith {unknown}
 p - a +4 ring of dexterity {unknown}
Scrolls
 c - 5 scrolls of identify {unknown}
 l - a scroll of amnesia {unknown}
 q - a scroll of enchant weapon {unknown}
 w - a scroll of remove curse {unknown}
 x - a scroll of teleportation {unknown}
 z - a scroll of noise {unknown}
Potions
 f - 2 potions of lignification {unknown}
 g - a potion of ambrosia {unknown}
 i - a potion of mutation {unknown}
 m - 2 potions of flight {unknown}
 o - 3 potions of resistance {unknown}
 u - a potion of haste {unknown}
 v - a potion of heal wounds {unknown}
Comestibles
 d - 6 rations


   Skills:
 + Level 2.7 Short Blades
 - Level 1.7 Dodging
 + Level 2.2 Stealth
 + Level 4.8 Spellcasting
 - Level 3.9 Conjurations
   Level 1.0 Summonings
   Level 0.8 Translocations
 + Level 0.8 Air Magic


You had 10 spell levels left.
You knew the following spells:

 Your Spells              Type           Power        Failure   Level  Hunger
a - Magic Dart            Conj           ###.         2%          1    None
b - Mephitic Cloud        Conj/Pois/Air  ##......     17%         3    ##.....

Your spell library contained the following spells:

 Spells                   Type           Power        Failure   Level  Hunger
 Call Imp                 Summ           #.......     11%         2    None
 Blink                    Tloc           N/A          12%         2    None
 Conjure Flame            Conj/Fire      ##......     16%         3    ##.....
 Slow                     Hex            #.......     17%         2    None


Dungeon Overview and Level Annotations

Branches:
Dungeon (4/15)
 Temple: D:4-7

Altars:
Dithmenos
Gozag


Innate Abilities, Weirdness & Mutations

You are partially covered in slimy green scales. (AC +2)
When hurt, damage is shared between your health and your magic reserves.


Message History

You don't have enough magic to cast that spell.
The orc priest hits you from afar with a +0 trident.
Casting: Magic Dart (safe; 2% risk of failure)
Confirm with . or Enter, or press ? or * to list all spells.
You don't have enough magic to cast that spell.
The orc priest looks encouraged for a moment.
Casting: Magic Dart (safe; 2% risk of failure)
Confirm with . or Enter, or press ? or * to list all spells.
Aiming: Magic Dart (safe; 2% risk of failure)
Press: ? - help, Shift-Dir - straight line, f/p - orc priest
Aim: an orc priest, wielding a +0 trident and wearing a +0 scale mail (heavily wounded)
The magic dart hits the orc priest.
The orc priest is heavily wounded.
You aren't carrying any items that you can evoke.
The orc priest calls down the wrath of Beogh upon you.
Beogh smites you!
* * * LOW HITPOINT WARNING * * *
The orc priest calls down the wrath of Beogh upon you.
Beogh smites you!
You die...

## #..# # . #..# ########## #.
#.#..# #......... .#.#..#
#......... .....# #.........
#...# #......... #...# #.........
##..@#######.........
#......#....o...........
.......#................ #######
...##..#................
#.....##....#####.........<......
............#....................
#....<......#....#####+#.........
#...........#....#.....#......###
#...........+....'.....#......#


You could see an orc priest.

Vanquished Creatures
  A black bear (D:3)
  An ogre (D:4)
  2 orc wizards (D:3)
  Natasha (thrice) (D:2)
  5 adders
  2 oozes
  An adder skeleton (D:4)
  3 worms
  A dart slug (D:2)
  8 orcs
  A ball python (D:2)
  3 giant cockroaches
  5 goblins
  5 hobgoblins
  3 quokkas
  10 bats
  4 frilled lizards
  8 kobolds
  5 rats
71 creatures vanquished.

Notes
Turn   | Place    | Note
-------+----------+-------------------------------------------
     0 | D:1      | night the Demonspawn Wizard began the quest for the Orb.
     0 | D:1      | Reached XP level 1. HP: 13/13 MP: 4/4
   480 | D:1      | Gained mutation: When hurt, damage is shared between your
                  | health and your magic reserves. [demonic ancestry]
   480 | D:1      | Reached XP level 2. HP: 3/19 MP: 0/6
  1284 | D:2      | Found an opulent altar of Gozag.
  1615 | D:2      | Reached XP level 3. HP: 21/24 MP: 1/8
  1897 | D:2      | Learned a level 3 spell: Mephitic Cloud
  2239 | D:2      | Found a shadowy altar of Dithmenos.
  2247 | D:2      | Became a worshipper of Dithmenos the Shadowed
  2276 | D:2      | Noticed Natasha
  2289 | D:2      | Killed Natasha
  2289 | D:2      | Gained mutation: You are partially covered in slimy green
                  | scales. (AC +2) [demonic ancestry]
  2289 | D:2      | Reached XP level 4. HP: 10/30 MP: 0/9
  2583 | D:2      | Noticed Natasha
  2591 | D:2      | Killed Natasha
  2591 | D:2      | Reached skill level 1 in Short Blades
  2591 | D:2      | Reached skill level 4 in Spellcasting
  2854 | D:2      | Noticed Natasha
  2865 | D:2      | Killed Natasha
  3132 | D:3      | Reached XP level 5. HP: 35/35 MP: 5/11
  3667 | D:3      | Reached * piety under Dithmenos
  3707 | D:3      | Noticed a black bear
  3721 | D:3      | Killed a black bear
  3721 | D:3      | Reached XP level 6. HP: 29/41 MP: 1/13
  4515 | D:4      | Killed from afar by an orc priest

Skill      XL: |  1  2  3  4  5  6 |
---------------+-------------------+-----
Conjurations   | 2 3 |  3.9
Short Blades   | 1 2 |  2.7
Spellcasting   | 4 |  4.8
Stealth        | 2 |  2.2
Dodging        | |  1.7
Summonings     | |  1.0
Translocations | |  0.8
Air Magic      | |  0.8

Action                   |  1- 3 |  4- 6 || total
-------------------------+-------+-------++-------
Melee: Dagger            |    58 |   126 ||   184
 Cast: Magic Dart        |    53 |    71 ||   124
       Mephitic Cloud    |       |     3 ||     3
 Stab: Sleeping          |     5 |     4 ||     9
       Confused          |       |     2 ||     2
  Eat: Chunk             |     4 |     7 ||    11
Armor: Robe              |    15 |    22 ||    37
Dodge: Dodged            |    41 |    71 ||   112
